AoeStats
← Gregol

Black Forest

509491226Analyzed
3v3 RM · 5d ago on Sep 27, 2026· 45m 14s· 6 players
Game mode
Random Map
Map size
Normal (6 player)
Population
200
Speed
Normal
Resources
Standard
Victory
Conquest
Starting age
Dark Age
Ending age
Imperial Age
RankedLock teamsTeams togetherTeam positionsShared explorationLock speedFull tech treeHidden civsTurbo modeCheats
Victory
Defeat
🇦🇷 Turks · Argentina
1064
+4
🇦🇷 Franks · Argentina
718
+15
🇦🇷 Spanish · Argentina
586
+20
🇦🇺 Bohemians · Australia
766
-15
🇦🇷 Celts · Argentina
698
-12
🇷🇸 Huns · Serbia
688
-12
Душан Силни
0:39 Loom
21:19 Feudal Age
22:13 Double-Bit Axe
22:12 Horse Collar
26:40 Forging
26:31 Scale Mail Armor
26:36 Scale Barding Armor
26:32 Padded Archer Armor
28:08 Gold Mining
28:08 Stone Mining
32:37 Castle Age
39:46 Caravan
40:16 Coinage
40:25 Wheelbarrow
39:36 Town Watch
41:18 Heavy Plow
41:33 Bow Saw
45:30 Imperial Age
elnano4cchi
4:07 Loom
12:07 Feudal Age
15:33 Double-Bit Axe
15:43 Gold Mining
17:59 Castle Age
15:59 Gold Mining
19:25 Bow Saw
19:53 Gold Shaft Mining
22:36 Stone Mining
25:55 Man-at-Arms
26:21 Gambesons
26:25 Horse Collar
27:12 Ballistics
35:57 Imperial Age
34:05 Wheelbarrow
35:11 Pikeman
36:26 Hand Cart
36:49 Forging
36:39 Scale Mail Armor
37:12 Halberdier
40:01 Fortified Wall
40:51 Husbandry
42:07 Stone Shaft Mining
41:35 Cavalier
43:02 Iron Casting
45:29 Siege Engineers
44:46 Heavy Scorpion
Harambe
0:26 Loom
13:21 Feudal Age
14:32 Horse Collar
17:17 Double-Bit Axe
19:35 Wheelbarrow
27:33 Castle Age
27:04 Forging
27:02 Scale Mail Armor
27:37 Pikeman
28:18 Squires
29:59 Caravan
30:36 Bow Saw
30:29 Heavy Plow
31:10 Town Watch
31:46 Hand Cart
37:59 Imperial Age
38:28 Wagenburg Tactics
39:28 Chemistry
38:01 Halberdier
41:02 Two-Man Saw
42:38 Chain Mail Armor
42:58 Iron Casting
42:14 Fletching
44:32 Houfnice
salepaixa II
10:10 Feudal Age
10:43 Double-Bit Axe
17:57 Castle Age
17:10 Wheelbarrow
17:24 Horse Collar
20:20 Bow Saw
20:18 Heavy Plow
21:36 Loom
21:37 Town Watch
23:33 Stone Mining
23:43 Gold Mining
25:58 Bloodlines
26:19 Scale Barding Armor
26:40 Hand Cart
27:07 Husbandry
29:27 Gold Shaft Mining
29:21 Chain Barding Armor
29:56 Forging
34:42 Imperial Age
32:51 Iron Casting
32:10 Fletching
33:56 Town Patrol
34:20 Ballistics
34:06 Bodkin Arrow
34:18 Padded Archer Armor
35:17 Iron Casting
36:58 Plate Barding Armor
36:54 Conscription
38:11 Artillery
38:30 Leather Archer Armor
39:19 Blast Furnace
40:38 Ring Archer Armor
pizzeroloco
0:32 Loom
20:22 Feudal Age
22:19 Double-Bit Axe
25:50 Wheelbarrow
28:04 Stone Mining
28:04 Gold Mining
33:32 Castle Age
35:44 Scale Barding Armor
35:49 Forging
39:50 Chain Barding Armor
40:05 Iron Casting
45:13 Imperial Age
45:25 Hand Cart
Gregol
0:37 Loom
11:53 Feudal Age
17:57 Castle Age
16:29 Horse Collar
18:46 Wheelbarrow
19:04 Double-Bit Axe
23:40 Hand Cart
23:19 Gold Mining
23:20 Stone Mining
26:31 Heavy Plow
26:44 Bow Saw
29:47 Scale Barding Armor
32:29 Imperial Age
33:00 Capped Ram
34:08 Elite Conquistador
35:33 Forging
35:44 Chain Barding Armor
36:40 Ballistics
36:35 Bloodlines
36:18 Siege Ram
Connection lost

Rejoining the realm…

Still unreachable

The connection could not be restored.

Session expired

The server has moved on; the page needs a fresh start.